 Dungeon Crawl Stone Soup version 0.30-a0-121-gb27577e5d9 (webtiles) character file.

Game seed: 1787866391446774463

151 ragingrage the Sneak (level 5, -3/30 HPs)
             Began as a Kobold Brigand on Sept 14, 2022.
             Succumbed to an orc's poison
             ... on level 3 of the Dungeon.
             The game lasted 00:02:45 (3635 turns).

ragingrage the Sneak (Kobold Brigand)               Turns: 3635, Time: 00:02:45

Health: -3/30      AC:  5    Str:  9    XL:     5   Next: 59%
Magic:  5/5        EV: 13    Int: 12    God:
Gold:   120        SH:  0    Dex: 18    Spells: 4/4 levels left

rFire   . . .      SeeInvis .    l - +0 dagger (venom)
rCold   + + .      Faith    .    (no shield)
rNeg    . . .      Spirit   .    i - +0 leather armour {rC+}
rPois   .          Reflect  .    (no helmet)
rElec   .          Harm     .    m - +1 cloak {Will+}
rCorr   .          Rampage  .    (no gloves)
Will    +....                    (no boots)
Stlth   ++++......               (no amulet)
HPRegen 0.10/turn                (no ring)
MPRegen 0.09/turn                (no ring)

@: lethally poisoned (-3 -> -27)
A: small, no large weapons, nightstalker 3, cold resistance 1, sense
surroundings 1
a: no special abilities


You were on level 3 of the Dungeon.
You visited 1 branch of the dungeon, and saw 3 of its levels.

You collected 145 gold pieces.
You spent 25 gold pieces at shops.

Inventory:

Hand Weapons
 a - a +2 dagger
 l - a +0 dagger of venom (weapon)
Missiles
 d - 21 poisoned darts (quivered)
 e - 3 curare-tipped darts
Armour
 i - a +0 leather armour of cold resistance (worn)
 m - a +1 cloak of willpower (worn)
Scrolls
 f - a scroll of blinking
 g - 3 scrolls of magic mapping
 h - a scroll of teleportation
 n - 3 scrolls of enchant armour
Potions
 b - a potion of attraction
 j - a potion of mutation


   Skills:
 - Level 2.1 Fighting
 + Level 4.6 Short Blades
 + Level 3.8 Throwing
 - Level 1.2 Dodging
 + Level 6.7 Stealth


You had 4 spell levels left.
You didn't know any spells.
Your spell library contained the following spells:

 Spells                   Type           Power      Damage    Failure   Level
 Kindle Blastsparks       Fire/Tloc/Air  0%         2d10      80%         3
 Fulminant Prism          Conj/Hex       0%         3d6       99%         4
 Iskenderun's Mystic Bla  Conj/Tloc      0%         2d3       99%         4
 Lee's Rapid Deconstruct  Erth           0%         3d5*      100%        5


Dungeon Overview and Level Annotations

Branches:
Dungeon (3/15)

Altars:
Gozag

Shops:
D:2 *


Innate Abilities, Weirdness & Mutations

You are small and have problems with some larger weapons.
You are completely attuned to the shadows.
Your flesh is cold resistant. (rC+)
You passively map a small area around you.


Message History

The endoplasm jiggles.
The endoplasm freezes you.
You are frozen.
You resist.
You hit the endoplasm.
The endoplasm is poisoned.
The endoplasm is almost dead.
The endoplasm freezes you.
You are frozen.
You resist. The orc closely misses you.
You barely miss the endoplasm.
The endoplasm is almost dead.
The endoplasm hits you. The orc hits you but does no damage.
You are poisoned.
You hit the endoplasm but do no damage.
The endoplasm looks as sick as possible!
The endoplasm is almost dead.
You feel sick.
You kill the endoplasm!
You closely miss the orc.
You feel sick.
The orc hits you with a +1 hand axe of venom.
You are more poisoned.
You are too injured to fight recklessly!
You are too injured to fight recklessly!
You are too injured to fight recklessly!
You hit the orc but do no damage.
The orc is poisoned.
You feel very sick. The orc closely misses you.
You completely miss the orc.
You feel sick. The orc hits you but does no damage.
You are lethally poisoned!
You hit the orc but do no damage.
The orc looks even sicker.
You feel very sick.
The orc hits you with a +1 hand axe of venom.
* * * LOW HITPOINT WARNING * * *
You are more poisoned.
You hit the orc.
The orc is heavily wounded.
* * * LOW HITPOINT WARNING * * *
You feel very sick.
Unknown command.
It was a potion of cancellation.
You feel magically purged.
You die...

, #. ,, , #########♣ ,
* * , *#.......♣♣ ***
, *#......... , +
........ #.......♣♣ ,
###.......##########♣
,...................#.
*
*...................#.
....@..............#.
...o...............#.
...........#.##.)..#.
...........#.##....#.
..............#....#.
..................)#'
,
.....####............
....####...†.#...... ,
,....#........#####..


You could see an orc (very poisoned).

Vanquished Creatures
  An orc priest (D:3)
  3 adders (D:2)
  4 worms (D:2)
  3 dart slugs
  4 orcs
  6 bats
  11 endoplasms
  A giant cockroach (D:1)
  6 goblins
  7 hobgoblins
  2 jackals (D:1)
  A quokka (D:1)
  4 ball pythons
  9 frilled lizards
  4 kobolds
  6 rats
72 creatures vanquished.

Notes
Turn   | Place    | Note
-------+----------+-------------------------------------------
     0 | D:1      | ragingrage the Kobold Brigand began the quest for the Orb.
     0 | D:1      | Reached XP level 1. HP: 12/12 MP: 1/1
   265 | D:1      | Reached XP level 2. HP: 17/17 MP: 2/2
   384 | D:1      | Reached XP level 3. HP: 21/21 MP: 3/3
  1297 | D:2      | Reached skill level 6 in Stealth
  1573 | D:2      | Reached XP level 4. HP: 12/26 MP: 4/4
  2335 | D:2      | Reached XP level 5. HP: 30/30 MP: 5/5
  2370 | D:2      | Found Moiph's Assorted Antiques.
  2373 | D:2      | Bought a scroll labelled JICOILL DAZU for 25 gold pieces
  2505 | D:2      | Found a faded altar of an unknown god.
  2866 | D:3      | Gained mutation: Your flesh is cold resistant. (rC+)
                  | [potion of mutation]
  2866 | D:3      | Gained mutation: You passively map a small area around you.
                  | [potion of mutation]
  3123 | D:3      | Found an opulent altar of Gozag.
  3635 | D:3      | Succumbed to an orc's poison

Illustrated notes

Levels and vault maps discovered:
D:1:      heliophobic_arrival_enchanted_forest, layout_loops_corners
D:2:      layout_rooms, serial_shops, nicolae_shop_behind_doors,
          hellmonk_ecumenical_altar_heavens_door, grunt_ministairs_1,
          minmay_splitting_lines, minivault_4, kennysheep_minor_cross,
          minmay_lizard_pond
D:3:      layout_basic, nicolae_gozag_cash_rules_everything_around_me,
          kennysheep_cross_bottleneck

Skill      XL: |  1  2  3  4 |
---------------+-------------+-----
Short Blades   | 3 4 |  4.6
Throwing       | 3 |  3.8
Stealth        | 6 |  6.7
Fighting       | |  2.1
Dodging        | |  1.2

Action                   |  1- 3 |  4- 6 || total
-------------------------+-------+-------++-------
Melee: Dagger            |   102 |   109 ||   211
       Punch             |       |     3 ||     3
  Use: Potion            |       |     5 ||     5
       Scroll            |       |     4 ||     4
 Stab: Sleeping          |    22 |    13 ||    35
Armor: Robe              |    11 |       ||    11
       Leather armour    |     5 |    25 ||    30
Dodge: Dodged            |    52 |    62 ||   114

Table legend: (Time is in decaauts)
 A = Elapsed time spent in this place.
 B = Non-inter-level travel time spent in this place.
 C = Inter-level travel time spent in this place.
 D = Time resting spent in this place.
 E = Time spent auto-exploring this place.
 F = Levels seen in this place.
 G = Mean time per level.
                   A        B        C        D        E       F      G
               +--------+--------+--------+--------+--------+-----+--------+
         Total |   3607 |   3442 |    165 |    795 |   2146 |   3 | 1202.3 |
       Dungeon |   3607 |   3442 |    165 |    795 |   2146 |   3 | 1202.3 |
               +--------+--------+--------+--------+--------+-----+--------+

Top non-repeatable levels by time:
     D:1: 1473 daAuts
     D:2: 1327 daAuts
     D:3: 806 daAuts
